 Dungeon Crawl Stone Soup version 0.23.1 (webtiles) character file.

Game seed: 2813433279916634000

98221 Chiseanne the Unseen (level 15, -1/68 HPs)
             Began as a Spriggan Assassin on Mar 6, 2019.
             Was an Initiate of Gozag.
             Killed by the air
             ... invoked by a wind drake
              (10 damage)
             ... on level 3 of the Shoals.
             The game lasted 01:52:16 (33769 turns).

Chiseanne the Unseen (Spriggan Assassin)           Turns: 33769, Time: 01:52:16

Health: -1/68      AC:  5    Str: 10    XL:     15   Next: 74%
Magic:  23/23      EV: 39    Int: 16    God:    Gozag
Gold:   2131       SH: 15    Dex: 37    Spells: 14/14 levels left

rFire    . . .     SeeInvis +   a - +12 rapier "Worm's Wrath" {pierce, rC- MR+ Str+4 Dex+4}
rCold    . . .     Gourm    .   Q - +3 buckler {reflect}
rNeg     + . .     Faith    .   H - +0 robe {MR+}
rPois    +         Spirit   .   b - +0 hat {Int+3}
rElec    .         Reflect  +   G - +2 ratskin cloak {+Rats rPois rN+ Str-1 Int-1 Dex+1}
rCorr    .         Harm     .   (gloves unavailable)
MR       ++++.                  (boots unavailable)
Stlth    +++++.....             F - amulet of magic regeneration
HPRegen  0.21/turn              X - ring of Reghoach {rPois rC+ Dex+6}
MPRegen  0.43/turn              r - +3 ring of dexterity

@: slow
A: very small, unfitting armour, see invisible, herbivore, speed 3, slow
metabolism 2
a: Potion Petition, Call Merchant, Bribe Branch, Renounce Religion, Evoke
Ratskin


You were on level 3 of the Shoals.
You worshipped Gozag.
Gozag was most pleased with you.
You were not hungry.

You visited 5 branches of the dungeon, and saw 28 of its levels.
You also visited: Bailey.

You collected 10576 gold pieces.
You spent 2807 gold pieces at shops.
You paid 5638 gold pieces to Gozag.

Inventory:

Hand Weapons
 a - the +12 rapier "Worm's Wrath" (weapon) {pierce, rC- MR+ Str+4 Dex+4}
   (You bought it in a shop on level 9 of the Dungeon)

   It inflicts extra damage upon your enemies.
   It affects your strength (+4).
   It affects your dexterity (+4).
   It makes you vulnerable to cold.
   It affects your resistance to hostile enchantments.
 d - the +10 spear of Luczariam {pierce, rF+}
   (You found it on level 6 of the Dungeon)

   It inflicts extra damage upon your enemies.
   It protects you from fire.
 q - the +10 hand crossbow of Unpleasantness {velocity, rPois SInv}
   (You bought it in a shop on level 2 of the Orcish Mines)

   Any bolt fired from it inflicts extra damage.
   It protects you from poison.
   It lets you see invisible.
 s - the +4 short sword "Transmigrator" {elec, +Blink rElec Dex-2}
   (You found it on level 4 of the Dungeon)

   Occasionally, upon striking a foe, it will discharge some electrical energy
   and cause terrible harm.
   It affects your dexterity (-2).
   It insulates you from electricity.
   It lets you blink.
 w - a +8 blowgun
Missiles
 e - 68 poisoned needles
 f - 8 curare-tipped needles
 h - 3 throwing nets
 A - 111 bolts
 B - 2 poisoned tomahawks (quivered)
Armour
 b - a +0 hat of intelligence (worn)
 G - the +2 ratskin cloak (worn) {+Rats rPois rN+ Str-1 Int-1 Dex+1}
   (You found it on level 8 of the Dungeon)

   It affects your strength (-1).
   It affects your intelligence (-1).
   It affects your dexterity (+1).
   It protects you from poison.
   It protects you from negative energy.
 H - a +0 robe of magic resistance (worn)
 Q - a +3 buckler of reflection (worn)
Jewellery
 r - a +3 ring of dexterity (right hand)
 F - an amulet of magic regeneration (around neck)
 X - the ring of Reghoach (left hand) {rPois rC+ Dex+6}
   (You bought it in a shop on level 10 of the Dungeon)

   [ring of poison resistance]

   It affects your dexterity (+6).
   It protects you from cold.
   It protects you from poison.
Wands
 p - a wand of digging (15)
 v - a wand of random effects (20)
 I - a wand of enslavement (1)
 J - a wand of polymorph (2)
 L - a wand of clouds (7)
 N - a wand of flame (27)
 O - a wand of iceblast (7)
Scrolls
 c - 6 scrolls of teleportation
 i - 11 scrolls of remove curse
 o - a scroll of amnesia
 t - 4 scrolls of fog
 u - 13 scrolls of identify
 y - 4 scrolls of magic mapping
 C - a scroll of fear
 D - 2 scrolls of blinking
 P - a scroll of brand weapon
 T - 2 scrolls of enchant weapon
 W - a scroll of immolation
Potions
 j - 2 potions of flight
 l - a potion of brilliance
 m - 3 potions of agility
 n - 2 potions of lignification
 x - a potion of resistance
 z - 5 potions of might
 E - a potion of haste
 K - 5 potions of curing
 M - a potion of invisibility
 R - 3 potions of mutation
 S - a potion of heal wounds
 V - a potion of berserk rage
Comestibles
 g - 53 rations


   Skills:
 - Level 3.5 Fighting
 - Level 10.4 Short Blades
 + Level 12.6 Crossbows
 - Level 2.0 Throwing
 - Level 16.5 Dodging
 - Level 19.8 Stealth
 - Level 10.3 Shields
 - Level 10.1 Evocations


You had 14 spell levels left.
You didn't know any spells.
Your spell library contained the following spells:

 Spells                   Type           Power        Failure   Level  Hunger
 Shock                    Conj/Air       #...         26%         1    ##.....
 Corpse Rot               Necr           N/A          36%         2    ###....
 Ensorcelled Hibernation  Hex/Ice        #.....       36%         2    ###....
 Swiftness                Chrm/Air       #.......     36%         2    ###....
 Recall                   Summ/Tloc      N/A          58%         3    ####...
 Static Discharge         Conj/Air       #.......     58%         3    ####...
 Stone Arrow              Conj/Erth      #.....       58%         3    ####...
 Airstrike                Air            #.........   94%         4    #####..
 Leda's Liquefaction      Hex/Erth       #.........   94%         4    #####..
 Aura of Abjuration       Summ           #.........   100%        5    ######.
 Bolt of Magma            Conj/Fire/Erth #.........   100%        5    ######.
 Borgnjor's Vile Clutch   Necr/Erth      #.........   100%        5    ######.
 Iskenderun's Battlesphe  Conj/Chrm      #.......     100%        5    ######.
 Lightning Bolt           Conj/Air       #.........   100%        5    ######.
 Silence                  Hex/Air        #.........   100%        5    ######.
 Summon Demon             Summ           #.........   100%        5    ######.
 Summon Forest            Summ/Tloc      #.........   100%        5    ######.
 Summon Mana Viper        Hex/Summ       #.......     100%        5    ######.
 Venom Bolt               Conj/Pois      #.........   100%        5    ######.
 Darkness                 Hex            #.........   100%        6    #######
 Hydra Form               Tmut           #.........   100%        6    #######
 Iron Shot                Conj/Erth      #.........   100%        6    #######
 Shadow Creatures         Summ           N/A          100%        6    #######
 Orb of Destruction       Conj           #.........   100%        7    #######
 Spellforged Servitor     Conj/Summ      #.........   100%        7    #######
 Summon Hydra             Summ           #.........   100%        7    #######


Dungeon Overview and Level Annotations

Branches:
Dungeon (15/15)            Temple (1/1) D:4            Lair (6/6) D:10
 Shoals (4/4) Lair:2       Spider (0/4) Lair:2        Slime (0/5) Lair:5
    Orc (2/2) D:11            Elf (0/3) Orc:2        Vaults (0/5) D:14
 Depths (0/5) D:15

Altars:
Ashenzari
Cheibriados
Dithmenos
Elyvilon
Fedhas
Gozag
Hepliaklqana
Kikubaaqudgha
Makhleb
Nemelex Xobeh
Okawaru
Qazlal
Ru
Sif Muna
Trog
Uskayaw
Vehumet
Wu Jian
Xom
Yredelemnul
Zin
The Shining One
Beogh

Shops:
D:9 (   D:10 =[   D:11 :[   D:13 ?   D:14 *   D:15 [   Orc:2 (*(%

Annotations:
D:3 3 runed translucent doors, kevinv12000's ghost, weakling DEWz
D:7 7 runed translucent doors, P0WERM0DE's ghost, novice DDFi
Shoals:2 1 transporter, 3 runed translucent doors, PeterQ's ghost, adept GnGl; wreck's ghost, adept DECj


Innate Abilities, Weirdness & Mutations

You are very small and have problems with some larger weapons.
You are too small for most types of armour.
You have supernaturally acute eyesight. (SInv)
You are a herbivore.
You cover ground extremely quickly.
You need to consume almost no food.


Message History

You feel strangely unstable.
The merfolk avatar chants a haunting song.
You resist with almost no effort. The wind drake flaps its wings at you.
The air twists around and strikes you!
You feel strangely stable.
You feel magically purged.
You carefully extract the barbed spikes from your body.
You block the snapping turtle's attack.
The merfolk avatar chants a haunting song.
You resist with almost no effort.
The merfolk aquamancer casts a spell at you.
The ball of steam hits you!
* * * LOW HITPOINT WARNING * * *
The merfolk avatar chants a haunting song.
You resist with almost no effort. The wind drake flaps its wings at you.
The air twists around and strikes you!
You die...
Your body crumbles into a pile of gold.

≈≈≈≈≈............
≈≈≈≈..#
≈≈≈≈≈≈......≈≈≈...
≈≈m≈≈......≈.....
≈≈≈≈k≈≈.§mm......
≈≈≈≈≈≈≈§.§m......
≈≈≈≈≈≈≈≈§§.......
≈≈≈≈≈≈≈≈tP≈......
≈≈≈≈≈≈≈≈§≈≈......
≈≈≈≈≈≈≈≈≈@≈...^≈.
≈≈≈≈≈≈≈≈≈≈m≈...≈≈
≈≈≈≈≈≈≈≈≈≈≈≈..##.
≈≈≈≈≈≈≈≈≈P.....#
≈≈≈≈≈≈≈≈≈P...PP..
≈≈≈≈≈≈≈≈≈P...[...
≈≈≈≈≈≈≈PPP...P..
≈≈≈≈≈≈≈≈..≈≈≈..


You could see a merfolk avatar, a snapping turtle, a wind drake, 2 merfolk and a
water nymph (wandering).

Vanquished Creatures
  Gastronok (D:8)
  Donald (Shoals:1)
  Kirke (D:15)
  Nessos (D:13)
  A minotaur (Orc:2)
  Azrael (D:14)
  Snorg (D:10)
  Josephine (Orc:2)
  An ice dragon (D:15)
  Harold (Lair:1)
  A vault guard (D:14)
  3 catoblepae
  5 hydras
  2 merfolk avatars
  A centaur warrior (D:15)
  3 two-headed ogres
  4 orc high priests (Orc:2)
  A deep troll shaman (Lair:6)
  7 death yaks
  Urug (D:10)
  3 sea snakes
  3 unseen horrors
  A wizard (D:14)
  A lindwurm (Lair:6)
  2 harpies (Shoals:1)
  5 orc knights
  A wolf spider zombie (D:14)
  8 cyclopes
  4 orc sorcerers (Orc:2)
  3 deep elf magi
  A wolf spider (Lair:3)
  9 ugly things
  4 manticores
  A merfolk siren (Shoals:3)
  A guardian serpent (Orc:2)
  Maurice (D:10)
  5 centaur zombies
  5 black mambas
  4 elephants
  A torpor snail (Orc:2)
  2 gargoyles
  8 spiny frogs
  2 centaur skeletons
  2 rime drakes (Lair:1)
  9 komodo dragons
  A tengu conjurer (D:14)
  4 meliai
  4 polar bears
  4 merfolk
  8 trolls
  A tyrant leech (D:14)
  A wind drake (Shoals:1)
  A wolf spider simulacrum (D:15)
  9 slime creatures
  14 blink frogs
  2 dream sheep (D:9)
  A snapping turtle (Shoals:4)
  Sigmund (D:5)
  12 hippogriffs
  3 redbacks (Lair:2)
  2 centaur simulacra (D:15)
  9 spriggans (Lair:2)
  4 shadows
  6 wyverns
  A water elemental (Shoals:1)
  11 yaks
  2 vampires
  5 wraiths
  8 fire elementals
  5 basilisks
  2 hungry ghosts
  2 hogs (D:15)
  A steam dragon (Orc:2)
  Grum (D:10)
  6 vampire mosquitoes
  4 wargs
  2 acid dragons
  A hell hound (D:14)
  5 porcupines
  11 water moccasins
  4 ice beasts
  A black bear (D:7)
  48 orc warriors
  2 necrophages (D:11)
  22 ogres
  3 phantoms
  2 eyes of draining
  6 centaurs
  9 wolves
  7 crocodiles
  6 big kobolds
  17 bullfrogs
  A wyvern zombie (D:14)
  A gnoll sergeant (D:11)
  A wyvern skeleton (D:9)
  6 scorpions
  5 wights (D:11)
  14 killer bees
  4 electric eels
  A howler monkey (D:7)
  8 crimson imps
  14 jellies
  5 hounds
  A bullfrog skeleton (D:5)
  31 orc priests
  2 iguanas
  Ijyb (D:5)
  27 orc wizards
  16 worker ants
  A hell rat (D:8)
  2 hound zombies
  A hound skeleton (D:7)
  2 worker ant zombies
  A howler monkey zombie (D:10)
  4 gnolls
  20 adders
  A howler monkey skeleton (D:4)
  6 river rats (D:8)
  3 shadow imps
  3 white imps (D:15)
  2 ufetubi (D:15)
  An adder zombie (D:10)
  2 oozes
  A worm (D:3)
  5 dart slugs
  4 leopard geckos
  126 orcs
  2 giant cockroaches
  9 goblins
  7 hobgoblins
  9 jackals
  6 quokkas
  A ball python (D:1)
  13 bats
  3 frilled lizards
  21 kobolds
  A leopard gecko zombie (D:5)
  A quokka skeleton (D:4)
  25 rats
  A fire vortex (Lair:4)
  6 plants
833 creatures vanquished.

Vanquished Creatures (collateral kills)
  A queen bee (Lair:4)
  6 killer bees
  A bullfrog (Lair:5)
8 creatures vanquished.

Vanquished Creatures (others)
  2 meliai
  A human (D:15)
  5 killer bees
  An orc priest (Orc:2)
  3 orcs (Orc:1)
  4 fungi
  7 plants
23 creatures vanquished.

Grand Total: 864 creatures vanquished

Notes
Turn   | Place    | Note
-------+----------+-------------------------------------------
     0 | D:1      | Chiseanne the Spriggan Assassin began the quest for the
                  | Orb.
     0 | D:1      | Reached XP level 1. HP: 10/10 MP: 2/2
    26 | D:1      | Reached skill level 6 in Stealth
   111 | D:1      | Reached XP level 2. HP: 1/14 MP: 3/3
   769 | D:1      | Reached XP level 3. HP: 18/18 MP: 4/4
  1200 | D:2      | Reached skill level 7 in Stealth
  1892 | D:2      | Reached XP level 4. HP: 22/22 MP: 5/5
  2387 | D:3      | Found a faded altar of an unknown god.
  2577 | D:3      | Found a shimmering altar of Xom.
  2578 | D:3      | Found a hazy altar of Hepliaklqana.
  2578 | D:3      | Noticed an unseen horror
  2579 | D:3      | Noticed a spectral ugly thing
  2579 | D:3      | Noticed an unseen horror
  2745 | D:3      | Found a runed translucent gate.
  2745 | D:3      | Found a runed translucent gate.
  2745 | D:3      | Found a runed translucent gate.
  2745 | D:3      | Noticed kevinv12000's ghost (weakling DEWz)
  2746 | D:3      | Noticed a big kobold
  2747 | D:3      | Identified the +7 short sword "Seozim" {pain, rC+ rN+
                  | Int+2}
  2747 | D:3      | Noticed a big kobold
  3412 | D:3      | Found an iron altar of Okawaru.
  3629 | D:4      | Got a slimy short sword
  3632 | D:4      | Identified the +4 short sword "Transmigrator" {elec, +Blink
                  | rElec Dex-2} (You found it on level 4 of the Dungeon)
  3672 | D:4      | Noticed an ogre
  3679 | D:4      | Killed an ogre
  3679 | D:4      | Reached skill level 8 in Stealth
  3679 | D:4      | Reached XP level 5. HP: 27/27 MP: 6/6
  4153 | D:4      | Reached XP level 6. HP: 24/32 MP: 7/7
  4270 | D:4      | Found a staircase to the Ecumenical Temple.
  4275 | Temple   | Entered the Ecumenical Temple
  4452 | D:4      | Reached skill level 9 in Stealth
  4509 | D:5      | Entered Level 5 of the Dungeon
  4563 | D:5      | Found a blossoming altar of Fedhas.
  4607 | D:5      | Noticed Ijyb
  4900 | D:5      | Found an opulent altar of Gozag.
  4916 | D:5      | Became a worshipper of Gozag Ym Sagoz the Greedy
  5036 | D:5      | Reached XP level 7. HP: 36/36 MP: 8/8
  5098 | D:5      | Reached skill level 5 in Dodging
  5457 | D:5      | Noticed Sigmund
  5460 | D:5      | Killed Sigmund
  5460 | D:5      | Reached skill level 10 in Stealth
  5582 | D:5      | Killed Ijyb
  5623 | D:6      | Found a stormy altar of Qazlal.
  5681 | D:6      | Reached skill level 11 in Stealth
  5740 | D:6      | Got a warped spear
  5766 | D:6      | Reached XP level 8. HP: 40/40 MP: 9/9
  6262 | D:6      | Identified the +10 spear of Luczariam {pierce, rF+} (You
                  | found it on level 6 of the Dungeon)
  6311 | D:7      | Reached skill level 12 in Stealth
  6532 | D:7      | Noticed a hippogriff
  6569 | D:7      | Killed a hippogriff
  6569 | D:7      | Reached skill level 5 in Short Blades
  6729 | D:7      | Found a large runed translucent door.
  6729 | D:7      | Found a large runed translucent door.
  6734 | D:7      | Noticed an unseen horror
  6736 | D:7      | Killed an unseen horror
  6736 | D:7      | Reached skill level 13 in Stealth
  6736 | D:7      | Reached XP level 9. HP: 44/44 MP: 10/10
  6787 | D:7      | Noticed a red ugly thing
  6793 | D:7      | Found a large runed translucent door.
  6793 | D:7      | Found a large runed translucent door.
  6890 | D:7      | Found a runed translucent gate.
  6891 | D:7      | Found a runed translucent gate.
  6913 | D:7      | Reached skill level 14 in Stealth
  6974 | D:7      | Found a runed translucent gate.
  7133 | D:7      | Noticed P0WERM0DE's ghost (novice DDFi)
  7458 | D:8      | Noticed Gastronok
  7479 | D:8      | Killed Gastronok
  7479 | D:8      | Reached skill level 10 in Dodging
  7479 | D:8      | Reached skill level 15 in Stealth
  7479 | D:8      | Reached XP level 10. HP: 16/49 MP: 11/11
  7841 | D:8      | Reached skill level 16 in Stealth
  7963 | D:8      | Found the +2 ratskin cloak {+Rats rPois rN+ Str-1 Int-1
                  | Dex+1}
  8856 | D:9      | Found an ornate altar of the Wu Jian Council.
  8856 | D:9      | Found a hide-covered altar of Uskayaw.
  8857 | D:9      | Found a shattered altar of Ashenzari.
  8858 | D:9      | Found a bloodstained altar of Trog.
  9123 | D:9      | Found a flagged portal.
  9149 | Bailey   | Entered a bailey
  9365 | Bailey   | Noticed an orc knight
  9392 | Bailey   | Noticed an orc knight
  9392 | Bailey   | Noticed an orc knight
  9462 | Bailey   | Killed an orc knight
  9462 | Bailey   | Reached skill level 17 in Stealth
 10012 | D:9      | Reached XP level 11. HP: 29/52 MP: 12/12
 10635 | D:9      | Noticed a three-headed hydra
 10909 | D:9      | Killed a one-headed hydra
 10909 | D:9      | Reached skill level 18 in Stealth
 11176 | D:10     | Entered Level 10 of the Dungeon
 11176 | D:10     | Noticed Urug
 11179 | D:10     | Killed Urug
 11180 | D:10     | Noticed Grum
 11196 | D:10     | Found a staircase to the Lair.
 11793 | D:10     | Killed Grum
 12112 | D:10     | Reached skill level 19 in Stealth
 12315 | D:10     | Noticed Maurice
 12325 | D:10     | Killed Maurice
 12397 | D:10     | Noticed Snorg
 12405 | D:10     | Killed Snorg
 12405 | D:10     | Reached skill level 10 in Short Blades
 12438 | D:9      | Bought the +12 rapier "Worm's Wrath" {pierce, rC- MR+ Str+4
                  | Dex+4} for 1326 gold pieces
 12818 | D:11     | Found a staircase to the Orcish Mines.
 13099 | D:11     | Found Ypnipt's Book Boutique.
 13361 | D:12     | Noticed a two-headed ogre
 13379 | D:12     | Killed a two-headed ogre
 13379 | D:12     | Reached XP level 12. HP: 56/56 MP: 14/14
 13408 | D:12     | Noticed a four-headed hydra
 13409 | D:12     | Noticed a two-headed ogre
 13422 | D:12     | Killed a two-headed ogre
 13427 | D:12     | Killed a four-headed hydra
 13713 | D:12     | Reached skill level 5 in Evocations
 14139 | D:12     | Reached skill level 15 in Dodging
 14217 | D:13     | Found a shimmering altar of Xom.
 14501 | D:13     | Noticed Nessos
 14509 | D:13     | Killed Nessos
 15410 | D:13     | Bought a scroll of fear for 52 gold pieces
 15410 | D:13     | Bought a scroll of identify for 30 gold pieces
 15410 | D:13     | Bought a scroll of identify for 30 gold pieces
 15410 | D:13     | Bought a scroll of identify for 30 gold pieces
 15410 | D:13     | Bought a scroll of identify for 30 gold pieces
 15410 | D:13     | Bought a scroll of teleportation for 45 gold pieces
 15572 | D:14     | Found a bloodstained altar of Trog.
 15630 | D:14     | Noticed Azrael
 15659 | D:14     | Reached XP level 13. HP: 27/60 MP: 21/21
 15665 | D:14     | Killed Azrael
 15665 | D:14     | Reached skill level 10 in Evocations
 16189 | Orc:1    | Entered Level 1 of the Orcish Mines
 16302 | D:11     | Reached skill level 1 in Shields
 17119 | Orc:1    | HP: 3/60 [orc warrior/cursed +0 battleaxe (28)]
 17806 | Orc:2    | Entered Level 2 of the Orcish Mines
 18651 | Orc:2    | Reached skill level 5 in Shields
 18924 | Orc:2    | Found a roughly hewn altar of Beogh.
 19149 | Orc:2    | Found Feeppys's Food Emporium.
 19459 | Orc:2    | Found Wisoer's Antique Weapon Shoppe.
 19470 | Orc:2    | Bought a scorched hand crossbow for 280 gold pieces
 19471 | Orc:2    | Identified the +10 hand crossbow of Unpleasantness
                  | {velocity, rPois SInv} (You bought it in a shop on level 2
                  | of the Orcish Mines)
 19636 | Orc:2    | Noticed Josephine
 19873 | Orc:2    | Found a staircase to the Elven Halls.
 20233 | Orc:2    | Found Sudec's General Store.
 20310 | Orc:2    | Bought a potion of invisibility for 112 gold pieces
 21132 | Orc:2    | Noticed an orc warlord
 21165 | Orc:2    | Noticed a minotaur
 21165 | Orc:2    | an orc warlord changed into a minotaur
 21312 | Orc:2    | Killed a minotaur
 21432 | Orc:2    | Killed Josephine
 21779 | Orc:2    | Found a roughly hewn altar of Beogh.
 21956 | Orc:2    | Reached XP level 14. HP: 58/65 MP: 22/22
 21991 | Orc:2    | Found Waimpeo's Weapon Emporium.
 22621 | D:11     | Bought a +0 buckler of reflection for 127 gold pieces
 23095 | D:14     | Found Irie's General Store.
 23576 | D:14     | Found a gate to the Vaults.
 23714 | D:15     | Entered Level 15 of the Dungeon
 24240 | D:15     | Noticed Kirke
 24273 | D:15     | Killed Kirke
 24273 | D:15     | Reached skill level 10 in Shields
 24758 | D:15     | Reached skill level 1 in Crossbows
 24810 | D:15     | Found a deep blue altar of Sif Muna.
 25638 | D:15     | Found a staircase to the Depths.
 25923 | Lair:1   | Entered Level 1 of the Lair of Beasts
 25997 | Lair:1   | Noticed Harold
 26005 | Lair:1   | Killed Harold
 26125 | Lair:1   | Reached skill level 5 in Crossbows
 26181 | Lair:1   | Found a frozen archway.
 26579 | Lair:2   | Found a hole to the Spider Nest.
 26873 | Lair:2   | Found a staircase to the Shoals.
 27450 | Lair:2   | Found a dark tunnel.
 27709 | Lair:3   | Reached XP level 15. HP: 63/68 MP: 23/23
 28694 | Lair:4   | Found a basalt altar of Yredelemnul.
 29255 | Lair:5   | Found a staircase to the Slime Pits.
 30291 | Lair:6   | Entered Level 6 of the Lair of Beasts
 30649 | Lair:6   | Reached skill level 10 in Crossbows
 30889 | Lair:6   | Identified a scroll of acquirement
 32933 | D:10     | Bought the ring of Reghoach {rPois rC+ Dex+6} for 745 gold
                  | pieces
 33043 | Shoals:1 | Entered Level 1 of the Shoals
 33081 | Shoals:1 | Noticed Donald
 33092 | Shoals:1 | Killed Donald
 33326 | Shoals:2 | Found a transporter.
 33488 | Shoals:2 | Found a runed translucent gate.
 33488 | Shoals:2 | Found a runed translucent gate.
 33488 | Shoals:2 | Found a runed translucent gate.
 33489 | Shoals:2 | Noticed wreck's ghost (adept DECj)
 33490 | Shoals:2 | Noticed PeterQ's ghost (adept GnGl)
 33559 | Shoals:4 | Entered Level 4 of the Shoals
 33769 | Shoals:3 | Killed from afar by a wind drake

Skill      XL: |  1  2  3  4  5  6  7  8  9 10 11 12 13 14 15 |
---------------+----------------------------------------------+-----
Stealth        | 6 7 8 9 11 13 15 17 19 | 19.8
Dodging        | 2 3 4 6 8 10 11 13 16 | 16.5
Short Blades   | 3 4 5 7 9 10 | 10.4
Fighting       | 2 3 |  3.5
Evocations     | 2 9 10 | 10.1
Shields        | 8 10 | 10.3
Crossbows      | 7 12 | 12.6
Throwing       | |  2.0

Action                   |  1- 3 |  4- 6 |  7- 9 | 10-12 | 13-15 || total
-------------------------+-------+-------+-------+-------+-------++-------
Melee: Dagger            |    93 |    74 |       |       |       ||   167
       Whip              |       |    10 |       |       |       ||    10
       Short sword       |       |    99 |   136 |   389 |       ||   624
       Rapier            |       |       |       |   267 |  1383 ||  1650
       Falchion          |       |       |       |     8 |       ||     8
 Fire: Blowgun           |     2 |    10 |     8 |    30 |    10 ||    60
       Hand crossbow     |       |       |       |       |   124 ||   124
Throw: Stone             |     1 |       |       |       |       ||     1
       Tomahawk          |       |       |       |    11 |    19 ||    30
Invok: Call Merchant     |       |       |       |     2 |     4 ||     6
Evoke: Wand              |       |       |     4 |    46 |    68 ||   118
  Use: Scroll            |       |    10 |     5 |     8 |    25 ||    48
       Potion            |       |       |     3 |     3 |     4 ||    10
 Stab: Sleeping          |    21 |    19 |    24 |    55 |   112 ||   231
       Distracted        |       |     1 |       |    12 |    23 ||    36
       Paralysed         |       |       |       |     1 |     2 ||     3
       Invisible         |       |       |       |     1 |       ||     1
       Petrified         |       |       |       |       |     2 ||     2
  Eat: Ration            |       |     3 |       |     3 |    11 ||    17
Armor: Robe              |     7 |    17 |     6 |    12 |    23 ||    65
Dodge: Dodged            |    44 |   147 |    78 |   474 |   746 ||  1489
Block: Buckler           |       |       |       |       |   531 ||   531
       Reflection        |       |       |       |       |     2 ||     2
       Rpst.: Falchion   |       |       |       |     2 |       ||     2
